 Dungeon Crawl Stone Soup version 0.15.2 (webtiles) character file.

109 RottenBandages the Insei (level 4, -1/35 HPs)
             Began as a Mummy Monk on Nov 1, 2015.
             Slain by a rat (3 damage)
             ... on Level 2 of the Dungeon.
             The game lasted 00:02:27 (2400 turns).

RottenBandages the Insei (Mummy Monk)               Turns: 2400, Time: 00:02:27

HP  -1/35        AC  2     Str 14      XL: 4   Next: 60%
MP   4/4         EV 13     Int  9      God:
Gold 57          SH  0     Dex 15      Spells:  0 memorised,  3 levels left

rFire  x . .     SeeInvis .       - Unarmed
rCold  + . .     Clarity  .     a - +0 robe
rNeg   + + +     rCorr    .     (no shield)
rPois  +         rRot     +     (no helmet)
rElec  .         Spirit   .     (no cloak)
SustAb .         Warding  .     (no gloves)
rMut   .         Stasis   .     (no boots)
Gourm  .                        (no amulet)
MR     .....                    (no ring)
                                (no ring)

@: not resistant to hostile enchantments, unstealthy
A: no food or potions, fire vulnerability, restore body, cold resistance 1,
negative energy resistance 3, poison resistance, torment resistance, unbreathing
a: no special abilities


You were on level 2 of the Dungeon.
You were not hungry.

You visited 1 branch of the dungeon, and saw 2 of its levels.

You collected 57 gold pieces.


Innate Abilities, Weirdness & Mutations

You do not eat or drink.
Your flesh is vulnerable to fire.
Your flesh is cold resistant.
You are immune to negative energy.
Your system is resistant to poisons.
You are immune to unholy pain and torment.
You can survive without breathing.


   Skills:
 - Level 3.0 Fighting
 - Level 2.4 Dodging
 - Level 1.5 Stealth
 + Level 5.0 Unarmed Combat


You had 3 spell levels left.
You didn't know any spells.

Inventory:

Missiles
 b - a throwing net {=f}
Armour
 a - a +0 robe (worn)
Comestibles
 f - 6 fruits
Scrolls
 c - 2 scrolls of fear {unknown}
 d - 2 scrolls of teleportation {unknown}
 e - a scroll of enchant weapon {unknown}
 g - a scroll of magic mapping {unknown}

Dungeon Overview and Level Annotations

Branches:
Dungeon (2/15)

Altars:
Makhleb

.#..####.# #..... #.......#....
.......#.# #..... #...)...#....
.......#.#####.... ##.....###...
.#..........###... ##...## ##.%
.<..#####.....##'#######'#######'
.#..# ........................
##''#### .....................%..
≈≈..≈≈≈#........r................
#≈%.≈≈≈# ..#####M#######'#######'
#....≈≈# #..g# ##...## ##..
..#...≈# #.....###.....###...
...#..≈# #.......#.......#....
#.#..≈≈# #.......#.......#..%.
≈#..≈≈≈# #.......#...)...#...(
≈≈≈≈#≈≈# ##.....###.....###...
###########. ##...## ##...## ##..
##..#........ ### ##### #####


You could see a hobgoblin and a rat.


Message History

The adder is lightly wounded.
The rat bites you. The adder barely misses you.
The hobgoblin barely misses you.
You punch the adder!
The adder is almost dead.
The adder closely misses you. The rat bites you.
The hobgoblin hits you with a hand axe.
* * * LOW HITPOINT WARNING * * *
You miss the adder.
The adder is almost dead.
The adder bites you.
* * * LOW HITPOINT WARNING * * *
The rat closely misses you.
You barely miss the adder. Your punch misses the adder.
The adder is almost dead.
The adder bites you but does no damage. The hobgoblin hits you with a hand axe.
* * * LOW HITPOINT WARNING * * *
The rat bites you.
* * * LOW HITPOINT WARNING * * *
The adder bites you.
* * * LOW HITPOINT WARNING * * *
You are too injured to fight recklessly!
You are too injured to fight recklessly!
You hit the adder.
You kill the adder!
Your Unarmed Combat skill increases to level 5!
The hobgoblin hits you with a hand axe.
* * * LOW HITPOINT WARNING * * *
The rat bites you.
You die...

Action                   |  1- 3 |  4- 6 || total
-------------------------+-------+-------++-------
Melee: Unarmed           |   187 |    45 ||   232
 Stab: Sleeping          |     1 |       ||     1

Vault maps used:
D:1:      minmay_arrival_three_doors, serial_co_window_serial,
          co_window_of_opportunity_a, co_window_corner_a,
          co_window_of_opportunity_a, co_window_of_opportunity_a,
          co_window_paths_b, co_window_of_opportunity_b, co_window_2corner,
          co_window_broadway_c, co_window_corner_cb, co_window_cross_4,
          co_window_of_opportunity_c, co_window_4corner_b, glass_columns_a,
          glass_columns_b
D:2:      kennysheep_six_static_rooms, old_standard_altar,
          kennysheep_generic_room_4, uniq_crazy_yiuf_cottage

Notes
Turn   | Place    | Note
--------------------------------------------------------------
     0 | D:1      | RottenBandages, the Mummy Monk, began the quest for the Orb.
     0 | D:1      | Reached XP level 1. HP: 18/18 MP: 1/1
   184 | D:1      | Reached XP level 2. HP: 13/24 MP: 2/2
   600 | D:1      | Reached skill level 4 in Unarmed Combat
   872 | D:1      | Reached XP level 3. HP: 16/29 MP: 3/3
  1725 | D:2      | Found a burning altar of Makhleb.
  1863 | D:2      | Reached XP level 4. HP: 24/35 MP: 4/4
  2400 | D:2      | Reached skill level 5 in Unarmed Combat
  2400 | D:2      | HP: 2/35 [hobgoblin/hand axe (6)]
  2400 | D:2      | Slain by a rat

Vanquished Creatures
  A hound skeleton (D:1)
  3 adders (D:2)
  2 worms (D:2)
  A giant mite (D:2)
  2 giant geckos
  An ooze (D:1)
  3 bats
  6 hobgoblins
  7 jackals
  10 kobolds
  A giant cockroach (D:1)
  A giant newt (D:1)
  4 goblins
  2 quokkas (D:2)
  6 rats (D:1)
50 creatures vanquished.
